AoeStats
← ztrox.

Arena

504388338Analyzed
4v4 RM · 27d ago on Sep 5, 2026· 45m 18s· 8 players
Game mode
Random Map
Map size
Large (8 player)
Population
200
Speed
Normal
Resources
Standard
Victory
Conquest
Starting age
Dark Age
Ending age
Imperial Age
RankedLock teamsTeams togetherTeam positionsShared explorationLock speedFull tech treeHidden civsTurbo modeCheats
Victory
Defeat
🇦🇷 Koreans · Argentina
1104
+16
🇦🇺 Jurchens · Australia
1094
+16
🇦🇷 Magyars · Argentina
1092
+16
🇦🇷 Lithuanians · Argentina
1092
+16
🇺🇸 Franks · United States
1114
-17
1111
-16
🇨🇦 Japanese · Canada
1093
-16
🇧🇴 Khmer · Bolivia
1070
-15
614Superdry
9:40 Loom
12:07 Feudal Age
12:40 Loom
18:06 Castle Age
16:44 Double-Bit Axe
16:51 Gold Mining
17:26 Horse Collar
22:03 Wheelbarrow
22:22 Stone Mining
22:44 Bow Saw
23:34 Crossbowman
25:44 Heavy Plow
26:59 Forging
28:38 Squires
27:59 Pikeman
29:12 Scale Mail Armor
30:01 Gold Shaft Mining
35:42 Imperial Age
33:52 Iron Casting
33:50 Chain Mail Armor
34:37 Arson
34:15 Elite Skirmisher
35:00 Thumb Ring
35:19 Ballistics
34:40 Treadmill Crane
34:56 Fletching
37:29 Chemistry
37:32 Blast Furnace
36:53 Conscription
37:25 Hand Cart
37:25 Elite Samurai
39:31 Two-Man Saw
39:07 Halberdier
42:11 Plate Mail Armor
45:01 Bodkin Arrow
EvenEdge
12:06 Feudal Age
13:20 Double-Bit Axe
17:03 Castle Age
21:11 Bow Saw
22:25 Wheelbarrow
23:47 Hand Cart
29:52 Imperial Age
27:56 Forging
28:39 Scale Barding Armor
28:27 Loom
28:28 Town Watch
29:23 Scale Mail Armor
29:44 Chain Barding Armor
29:25 Gold Mining
30:01 Husbandry
31:00 Iron Casting
29:55 Cavalier
31:44 Gold Shaft Mining
33:22 Blast Furnace
37:30 Chemistry
37:55 Paladin
39:25 Plate Barding Armor
40:36 Light Cavalry
ztrox.
10:31 Feudal Age
14:11 Castle Age
16:48 Loom
18:22 Double-Bit Axe
21:05 Fletching
25:40 Bow Saw
25:11 Horse Collar
30:49 Wheelbarrow
33:48 Imperial Age
31:46 Padded Archer Armor
31:45 Bodkin Arrow
32:13 Padded Archer Armor
32:54 Pikeman
33:20 Arson
33:52 Leather Archer Armor
35:57 Forging
35:54 Scale Barding Armor
36:20 Bloodlines
36:13 Husbandry
35:37 Cavalier
37:00 Hand Cart
36:31 Town Watch
36:51 Heavy Plow
36:43 Gold Mining
38:34 Gold Shaft Mining
39:08 Iron Casting
41:09 Bracer
41:34 Ballistics
42:02 Conscription
42:50 Ring Archer Armor
ሰላምنعمة˙ʞɐɥʇ
12:04 Feudal Age
15:33 Castle Age
14:24 Double-Bit Axe
14:22 Horse Collar
18:56 Heavy Plow
19:35 Loom
20:17 Town Watch
23:57 Wheelbarrow
26:52 Hand Cart
29:37 Imperial Age
27:52 Scale Mail Armor
27:43 Fletching
27:58 Pikeman
28:38 Squires
28:55 Chain Mail Armor
29:10 Wagenburg Tactics
30:09 Chemistry
29:52 Bodkin Arrow
30:09 Forging
30:01 Padded Archer Armor
30:33 Fortified Wall
31:01 Conscription
31:37 Leather Archer Armor
31:53 Plate Mail Armor
31:24 Bracer
31:14 Halberdier
32:13 Town Patrol
32:48 Siege Engineers
32:53 Masonry
33:12 Ballistics
33:31 Iron Casting
33:07 Bow Saw
33:56 Ring Archer Armor
35:34 Houfnice
MateoargeAOE
10:33 Feudal Age
14:54 Castle Age
12:56 Double-Bit Axe
20:00 Horse Collar
21:29 Gold Mining
23:20 Loom
24:33 Bloodlines
25:25 Husbandry
26:18 Scale Barding Armor
27:05 Wheelbarrow
28:24 Stone Mining
32:48 Imperial Age
30:21 Heavy Plow
30:33 Bow Saw
31:01 Gold Shaft Mining
31:35 Scale Barding Armor
32:52 Hand Cart
33:00 Chain Barding Armor
32:42 Fletching
32:52 Padded Archer Armor
33:02 Thumb Ring
33:21 Ballistics
33:39 Caravan
34:11 Parthian Tactics
33:46 Heavy Cavalry Archer
35:12 Bodkin Arrow
35:32 Leather Archer Armor
36:53 Chemistry
36:04 Treadmill Crane
36:53 Conscription
36:10 Cavalier
39:56 Two-Man Saw
39:28 Crop Rotation
39:29 Bracer
39:59 Ring Archer Armor
39:50 Chain Barding Armor
40:39 Corvinian Army
41:16 Paladin
rabbit o sea conejo
10:47 Loom
12:32 Feudal Age
14:00 Double-Bit Axe
13:57 Horse Collar
16:57 Castle Age
16:15 Gold Mining
17:36 Wheelbarrow
26:03 Bow Saw
25:55 Heavy Plow
26:45 Bloodlines
26:46 Forging
26:41 Scale Barding Armor
28:05 Scale Barding Armor
28:30 Stone Mining
29:18 Iron Casting
29:16 Hand Cart
29:12 Husbandry
29:59 Chain Barding Armor
34:07 Imperial Age
33:38 Stone Shaft Mining
34:08 Cavalier
35:10 Conscription
38:26 Tower Shields
37:49 Elite Skirmisher
38:36 Thumb Ring
37:58 Paladin
44:21 Elite Leitis
Kizza_Dog
11:38 Feudal Age
16:36 Castle Age
14:48 Double-Bit Axe
16:25 Horse Collar
19:45 Loom
21:16 Wheelbarrow
24:57 Heavy Plow
25:10 Bow Saw
24:54 Gold Mining
31:01 Imperial Age
28:38 Treadmill Crane
29:43 Siege Engineers
30:03 Ballistics
31:41 Hand Cart
32:06 Conscription
32:04 Thunderclap Bombs
33:28 Padded Archer Armor
33:41 Fortified Bastions
38:49 Scale Mail Armor
39:00 Forging
39:27 Pikeman
40:10 Squires
40:37 Chain Mail Armor
40:58 Iron Casting
41:21 Gold Shaft Mining
40:24 Halberdier
44:31 Blast Furnace
45:09 Chemistry
Maxi24875
7:36 Loom
10:06 Feudal Age
15:15 Castle Age
13:34 Double-Bit Axe
30:07 Imperial Age
29:19 Wheelbarrow
28:25 Horse Collar
32:36 Chemistry
33:05 Hand Cart
33:11 Bow Saw
34:43 Heavy Rocket Cart
35:56 Caravan
36:56 Siege Engineers
37:14 Conscription
38:19 Two-Man Saw
37:24 Heavy Plow
38:40 Arrowslits
38:48 Fletching
39:07 Eupseong
40:40 Gold Mining
40:40 Stone Mining
41:37 Shinkichon
43:36 Gold Shaft Mining
43:36 Stone Shaft Mining
43:40 Ballistics
43:31 Masonry
43:02 Treadmill Crane
44:27 Fortified Wall
44:15 Murder Holes
45:48 Architecture
Connection lost

Rejoining the realm…

Still unreachable

The connection could not be restored.

Session expired

The server has moved on; the page needs a fresh start.